 Dungeon Sprint DCSS version 0.27-a0-1158-gaa87e14f67 (webtiles) character file.

Game seed: 9014885740696158162

261880 mhtbhm the Petrodigitator (level 18, -5/136 HPs)
             Began as a Gargoyle Earth Elementalist on May 16, 2021.
             Was the Champion of Vehumet.
             Slain by Mennas
             ... wielding a +0 eudemon blade of holy wrath
              (7 damage)
             ... in the Dungeon (Sprint III: "The Ten Rune Challenge").
             The game lasted 00:43:41 (10669 turns).

mhtbhm the Petrodigitator (GrEE)                   Turns: 10669, Time: 00:43:41

Health: -5/136     AC: 25    Str: 14    XL:     18   Next: 14%
Magic:  44/49      EV: 16    Int: 37    God:    Vehumet [******]
Gold:   4607       SH:  4    Dex:  8    Spells: 14/71 levels left

rFire    + + +     SeeInvis .   y - staff of earth
rCold    + . .     Faith    .   (no shield)
rNeg     + + .     Spirit   .   c - +2 robe {rC+}
rPois    ∞         Reflect  .   M - +2 hood of the Assassin {Detection Stab+ Stlth++}
rElec    +         Harm     .   p - +4 cloak "Quywiemo" {rF+}
rCorr    .         Rampage  .   (no gloves)
Will     +....     NoTele   +   I - +0 pair of boots "Pefurgh" {Fly Int+7}
Stlth    ..........             H - amulet of Qachag {RegenMP Regen+}
HPRegen  1.32/turn              s - +6 ring of intelligence
MPRegen  0.56/turn              A - ring of the Duke {rElec rPois rF+++ rN+ Dex-4}

@: mighty, berserking (expiring), flying, glowing, studying Short Blades,
silenced, very quick
A: sickness immunity, AC +13, big wings, negative energy resistance 1,
electricity resistance, torment resistance 1, petrification resistance, large
bone plates 1, agile 1, clever 1
}: 5/10 runes: decaying, barnacled, silver, golden, demonic
a: Renounce Religion


You were in the Dungeon.
You worshipped Vehumet.
Vehumet was exalted by your worship.
You visited 1 branch You collected 6703 gold pieces.
You spent 2096 gold pieces at shops.

Inventory:

Hand Weapons
 F - the +14 obsidian axe {vorpal, Drain Fly SInv}
   (You found it in the Dungeon)

   It inflicts extra damage upon your enemies.
   It lets you see invisible.
   It grants you flight.
   It drains your maximum health when unequipped.
Missiles
 b - 71 stones
 m - 7 curare-tipped darts
Armour
 c - a +2 robe of cold resistance (worn)
 g - a +2 hat of willpower
 p - the +4 cloak "Quywiemo" (worn) {rF+}
   (You bought it in a shop in the Dungeon)

   It protects you from fire.
 E - the +2 shield of Resistance {rF++ rC++ Will++}
   (You found it in the Dungeon)

   It greatly protects you from fire.
   It greatly protects you from cold.
   It greatly increases your willpower.
 I - the +0 pair of boots "Pefurgh" (worn) {Fly Int+7}
   (You found it in the Dungeon)

   It affects your intelligence (+7).
   It grants you flight.
 M - the +2 hood of the Assassin (worn) {Detection Stab+ Stlth++}
   (You found it in the Dungeon)

   It makes you much more stealthy.
Magical Staves
 y - a staff of earth (weapon)
Jewellery
 s - a +6 ring of intelligence (left hand)
 A - the ring of the Duke (right hand) {rElec rPois rF+++ rN+ Dex-4}
   (You bought it in a shop in the Dungeon)

   [ring of positive energy]

   It affects your dexterity (-4).
   It renders you almost immune to fire.
   It insulates you from electricity.
   It protects you from poison.
   It protects you from negative energy.
 D - a ring of see invisible
 H - the amulet of Qachag (around neck) {RegenMP Regen+}
   (You found it in the Dungeon)

   [amulet of magic regeneration]

   It increases your rate of magic regeneration.
   It increases your rate of health regeneration.
Wands
 v - a wand of mindburst (42)
 J - a wand of iceblast (14)
Scrolls
 f - 4 scrolls of identify
 i - a scroll of blinking
 j - 3 scrolls of holy word
 k - a scroll of immolation
 q - a scroll of magic mapping
 r - 5 scrolls of amnesia
 B - 2 scrolls of enchant armour
 G - a scroll of silence
 K - 4 scrolls of acquirement
Potions
 a - 3 potions of mutation
 e - 4 potions of flight
 h - a potion of berserk rage
 l - a potion of invisibility
 n - a potion of might
 t - 2 potions of resistance
 u - a potion of haste
 C - 3 potions of lignification
Miscellaneous
 o - a phial of floods (quivered)
 w - a tin of tremorstones (2/2)
 x - a condenser vane


   Skills:
 + Level 2.6 Fighting
 + Level 15.5 Dodging
 + Level 17.2 Stealth
 + Level 8.8 Shields
 O Level 27 Spellcasting
 + Level 21.9 Conjurations
 + Level 5.1 Transmutations
 + Level 13.5 Fire Magic
 - Level 2.5 Air Magic
 O Level 27 Earth Magic
 + Level 3.9 Poison Magic
 + Level 9.8 Evocations


You had 14 spell levels left.
You knew the following spells:

 Your Spells              Type           Power      Damage    Failure   Level
a - Sandblast             Erth           100%       2d20      0%          1
b - Passwall              Tmut/Erth      100%       N/A       0%          2
c - Stone Arrow           Conj/Erth      100%       3d13      0%          3
d - Lee's Rapid Deconstr  Erth           77%        3d35*     0%          5
e - Petrify               Tmut/Erth      100%       N/A       0%          4
f - Mephitic Cloud        Conj/Pois/Air  88%        N/A       0%          3
g - Iron Shot             Conj/Erth      74%        9d14      0%          6
h - Sticky Flame          Conj/Fire      100%       2d11      0%          4
i - Fireball              Conj/Fire      55%        3d21      0%          5
j - Shatter               Erth           77%        3d56*     1%          9
k - Orb of Destruction    Conj           59%        9d17      1%          7
l - Chain Lightning       Conj/Air       48%        N/A       4%          8

Your spell library contained the following spells:

 Spells                   Type           Power      Damage    Failure   Level
 Tornado                  Air            31%        N/A       100%        9
 Magic Dart               Conj           100%       1d8       0%          1
 Searing Ray              Conj           100%       3d7       0%          2
 Static Discharge         Conj/Air       96%        N/A       0%          2
 Dazzling Flash           Conj/Hex       100%       N/A       0%          3
 Animate Armour           Summ/Erth      100%       N/A       0%          4
 Leda's Liquefaction      Hex/Erth       61%        N/A       0%          4
 Bolt of Magma            Conj/Fire/Erth 70%        4d27      0%          5
 Freeze                   Ice            100%       1d11      1%          1
 Summon Small Mammal      Summ           100%       N/A       1%          1
 Corpse Rot               Necr/Air       N/A        N/A       1%          2
 Frozen Ramparts          Ice            98%        1d11      1%          3
 Ozocubu's Armour         Ice            49%        N/A       1%          3
 Fulminant Prism          Conj/Hex       46%        3d21      1%          4
 Hailstorm                Conj/Ice       92%        3d18      1%          4
 Ice Form                 Ice/Tmut       62%        N/A       1%          4
 Iskenderun's Mystic Bla  Conj/Tloc      92%        2d18      1%          4
 Alistair's Intoxication  Tmut/Pois      46%        N/A       1%          5
 Borgnjor's Vile Clutch   Necr/Erth      61%        N/A       1%          5
 Irradiate                Conj/Tmut      50%        3d30      1%          5
 Freezing Cloud           Conj/Ice/Air   42%        6-21      1%          6
 Starburst                Conj/Fire      55%        8x6d15    1%          6
 Summon Lightning Spire   Summ/Air       56%        N/A       2%          4
 Animate Dead             Necr           24%        N/A       3%          4
 Dispel Undead            Necr           49%        3d18      3%          4
 Summon Ice Beast         Ice/Summ       49%        N/A       3%          4
 Metabolic Englaciation   Hex/Ice        24%        N/A       11%         5
 Summon Forest            Summ/Tloc      24%        N/A       11%         5
 Death Channel            Necr           24%        N/A       50%         6
 Simulacrum               Ice/Necr       24%        N/A       50%         6
 Statue Form              Tmut/Erth      Unusable   N/A       N/A         6

Dungeon Overview and Level Annotations

Branches:
Dungeon (1/1)

Altars:
Cheibriados
Dithmenos
Elyvilon
Fedhas
Gozag
Hepliaklqana
Kikubaaqudgha
Makhleb
Nemelex Xobeh
Okawaru
Qazlal
Ru
Sif Muna
Trog
Uskayaw
Vehumet
Wu Jian
Xom
Yredelemnul
Zin
The Shining One
Beogh
Jiyva
Lugonu

Shops:
D (?:[[:(?![[[*[:(?![([?=

Annotations:
D Mennas


Innate Abilities, Weirdness & Mutations

You are immune to sickness and miasma.
Your stone body is resilient. (AC +13)
You are immune to poison.
Your large and strong wings let you fly.
You resist negative energy. (rN+)
You are resistant to electric shocks. (rElec)
You are resistant to unholy torment.
You are immune to petrification.
You are partially covered in large bone plates. (SH +4)
You are agile. (Dex +2)
Your mind is acute. (Int +2)


Message History

Okay, then.
You feel very mighty all of a sudden.
Mennas hits you with a +0 eudemon blade of holy wrath.
Mennas hits you but does no damage.
Mennas hits you with a +0 eudemon blade of holy wrath!
Mennas hits you with a +0 eudemon blade of holy wrath.
Unknown command.
Really wield
F - the +14 obsidian axe {vorpal, Drain Fly SInv}?
Okay, then.
A red film seems to cover your vision as you go berserk!
You feel yourself moving faster!
You feel mighty!
Mennas becomes audible again.
Mennas gestures frantically.
Mennas's surroundings become eerily quiet.
Mennas blocks your attack.
Mennas hits you with a +0 eudemon blade of holy wrath!
* * * LOW HITPOINT WARNING * * *
Mennas hits you with a +0 eudemon blade of holy wrath!
* * * LOW HITPOINT WARNING * * *
Mennas blocks your attack. Mennas barely misses you. x4
You miss Mennas.
Mennas hits you with a +0 eudemon blade of holy wrath.
* * * LOW HITPOINT WARNING * * *
Mennas hits you with a +0 eudemon blade of holy wrath.
* * * LOW HITPOINT WARNING * * *
Mennas blocks your attack. Mennas misses you.
Mennas hits you but does no damage.
You completely miss Mennas. Mennas barely misses you.
Mennas hits you but does no damage. Mennas blocks your attack.
Mennas looks to the heavens.
Mennas hits you with a +0 eudemon blade of holy wrath.
* * * LOW HITPOINT WARNING * * *
Mennas hits you with a +0 eudemon blade of holy wrath!
* * * LOW HITPOINT WARNING * * *
Mennas blocks your attack.
Mennas hits you with a +0 eudemon blade of holy wrath!
* * * LOW HITPOINT WARNING * * *
Mennas misses you.
Mennas hits you with a +0 eudemon blade of holy wrath!
You die...

≈≈≈..#|.#..)..≈≈≈≈)≈.≈.≈≈#...#...
≈≈...#([#...#.§§≈≈##≈##≈≈##..[..#
≈≈≈####+##.#.[#(≈§≈.##≈§≈#...#.#.
.....°.○#...).#§.§≈≈≈≈§≈§########
.(#######.....#.#(§≈≈≈≈≈§#)..#[..
.#(.....#..)...'#.#≈§§≈§≈#...#...
.#♣♣♣._.....).#...#(§§§≈≈##'###'#
..#####....#.##°°°###≈≈###.......
≈≈≈≈≈≈≈▓#.....'A@.).#)##.#.#####.
≈≈≈≈≈≈≈▓#.#############..'.#..('.
≈≈≈≈≈..▓#.#[...A......'..##.####.
.≈≈≈...▓#.#.).....########.....#.
≈≈≈≈≈..▓#.#.....###.∩⌠⌠∩.#..#....
≈≈≈≈≈..▓#.#)..###.#.∩⌠§§....)#.#.
≈≈≈≈≈≈.▓#.#)###§.§#.∩∩∩..#.....#.
≈≈≈≈≈≈≈▓#.#A#§§.§§#.∩∩∩∩.#.....#)
≈≈≈≈≈≈≈▓#.#.§§§§§§#..§.......#)..


You could see Mennas (silencing).

Vanquished Creatures
  Mara (D)
  2 royal mummies (D)
  Sojobo (D)
  Boris (D)
  Nellie (D)
  2 liches (D)
  Rupert (D)
  2 quicksilver dragons (D)
  A deep elf blademaster (D)
  Polyphemus (D)
  An Executioner (D)
  Gastronok (D)
  An ancient champion (D)
  2 sphinxes (D)
  Chuck (D)
  3 shadow dragons (D)
  Dowan (D)
  Roxanne (D)
  A fire giant (D)
  4 azure jellies (D)
  A frost giant (D)
  A draconian knight (D)
  A ghost moth (shapeshifter) (D)
  2 vampire knights (D)
  2 deep elf demonologists (D)
  Nessos (D)
  3 stone giants (D)
  2 dire elephants (D)
  Azrael (D)
  A fire dragon (D)
  A deep elf death mage (D)
  8 mummy priests (D)
  Josephine (D)
  A deep elf high priest (D)
  A yaktaur captain (D)
  19 vault guards (D)
  An ogre mage (D)
  3 hydras (D)
  2 hell beasts (D)
  3 centaur warriors (D)
  4 death yaks (D)
  4 dancing weapons (D)
  Urug (D)
  4 hell knights (D)
  An iron golem (D)
  2 soul eaters (D)
  A deep elf knight (D)
  2 sun demons (D)
  6 skeletal warriors (D)
  A spriggan druid (D)
  3 death drakes (D)
  2 obsidian statues (D)
  An anaconda zombie (D)
  A sea snake (D)
  A spectral iron dragon (D)
  A lindwurm (D)
  A lindwurm (shapeshifter) (D)
  A spectral hydra (D)
  An orc knight (D)
  3 deep elf zephyrmancers (D)
  A mana viper (shapeshifter) (D)
  4 deep elf pyromancers (D)
  4 crystal guardians (D)
  4 ugly things (D)
  2 oklob plants (D)
  2 black mambas (D)
  2 elephants (D)
  4 statues (D)
  A molten gargoyle (D)
  Duvessa (D)
  2 cane toads (D)
  An unseen horror (D)
  A komodo dragon (D)
  A yaktaur (shapeshifter) (D)
  7 yaktaurs (D)
  2 ice devils (D)
  A rime drake (D)
  An anaconda simulacrum (D)
  20 guardian mummies (D)
  3 wandering mushrooms (D)
  A queen bee (D)
  4 spriggan defenders (D)
  9 slime creatures (D)
  2 tyrant leeches (D)
  A hornet (D)
  8 blink frogs (D)
  A dream sheep (shapeshifter) (D)
  3 dream sheep (D)
  2 spriggans (D)
  3 redbacks (D)
  A shadow (D)
  4 iron troll simulacra (D)
  A spatial vortex (D)
  2 hydra simulacra (D)
  A floating eye (D)
  An orc warrior (D)
  A swamp drake (D)
  2 fire dragon simulacra (D)
  A necrophage (D)
  2 centaurs (D)
  An earth elemental (D)
  A water elemental (D)
  32 killer bees (D)
  An electric eel (D)
  A jelly (D)
  6 orc priests (D)
  A wizard (D)
  2 necromancers (D)
  5 orc wizards (D)
  A wolf simulacrum (D)
  3 humans (D)
  A kobold demonologist (D)
  A phantom (D)
  10 orcs (D)
  2 endoplasms (D)
  2 rats (D)
  2 ball lightnings (D)
  7 bushes (D)
  14 butterflies (D)
  4 plants (D)
336 creatures vanquished.

Vanquished Creatures (others)
  Ilsuiw (D)
  A merfolk javelineer (D)
  A hornet (D)
  4 ball lightnings (D)
  A ballistomycete spore (D)
  27 plants (D)
35 creatures vanquished.

Grand Total: 371 creatures vanquished

Notes
Turn   | Place    | Note
-------+----------+-------------------------------------------
     0 | D        | mhtbhm the Gargoyle Earth Elementalist began the quest for
                  | the Orb.
     0 | D        | Reached XP level 1. HP: 10/10 MP: 3/3
   318 | D        | Reached XP level 2. HP: 11/15 MP: 0/6
   378 | D        | Learned a level 2 spell: Passwall
   419 | D        | Reached XP level 3. HP: 19/19 MP: 1/7
   474 | D        | Gained mutation: You are agile. (Dex +2) [potion of
                  | mutation]
   474 | D        | Gained mutation: Your mind is acute. (Int +2) [potion of
                  | mutation]
   474 | D        | Gained mutation: You are partially covered in large bone
                  | plates. (SH +4) [potion of mutation]
   543 | D        | Learned a level 3 spell: Stone Arrow
   545 | D        | Noticed a water elemental
   548 | D        | Killed a water elemental
   549 | D        | Reached XP level 4. HP: 24/24 MP: 2/10
   619 | D        | Found a radiant altar of Vehumet.
   620 | D        | Found a shimmering blue altar of Sif Muna.
   620 | D        | Found an ancient bone altar of Kikubaaqudgha.
   620 | D        | Noticed a wizard
   621 | D        | Killed a wizard
   622 | D        | Reached skill level 5 in Spellcasting
   627 | D        | Reached skill level 1 in Transmutations
   627 | D        | Reached XP level 5. HP: 22/28 MP: 3/12
   687 | D        | Became a worshipper of Vehumet
   732 | D        | Learned a level 5 spell: Lee's Rapid Deconstruction
   732 | D        | Found a basalt altar of Yredelemnul.
   732 | D        | Found a shadowy altar of Dithmenos.
   732 | D        | Found a sacrificial altar of Ru.
   732 | D        | Noticed a necrophage
   734 | D        | Killed a necrophage
   735 | D        | Reached skill level 10 in Earth Magic
   735 | D        | Reached XP level 6. HP: 31/32 MP: 2/16
   839 | D        | Learned a level 4 spell: Petrify
   839 | D        | Found a hide-covered altar of Uskayaw.
   839 | D        | Found an iron altar of Okawaru.
   839 | D        | Found a bloodstained altar of Trog.
   839 | D        | Found an ornate altar of the Wu Jian Council.
   839 | D        | Noticed a human
   839 | D        | Noticed a human
   842 | D        | Killed a human
   842 | D        | Reached * piety under Vehumet
   842 | D        | Offered knowledge of Freeze by Vehumet.
   843 | D        | Reached skill level 5 in Stealth
   843 | D        | Killed a human
   844 | D        | Reached XP level 7. HP: 36/36 MP: 1/19
   954 | D        | Found a glowing silver altar of Zin.
   954 | D        | Found a glowing golden altar of the Shining One.
   954 | D        | Found a white marble altar of Elyvilon.
   954 | D        | Noticed a deep elf pyromancer
   956 | D        | Killed a deep elf pyromancer
   957 | D        | Reached skill level 10 in Spellcasting
   957 | D        | Reached XP level 8. HP: 41/41 MP: 9/22
  1100 | D        | Reached ** piety under Vehumet
  1100 | D        | Offered knowledge of Shock by Vehumet.
  1100 | D        | Noticed a shadow
  1106 | D        | Killed a shadow
  1215 | D        | Found a blossoming altar of Fedhas.
  1215 | D        | Found a stormy altar of Qazlal.
  1215 | D        | Found a snail-covered altar of Cheibriados.
  1215 | D        | Found a burning altar of Makhleb.
  1215 | D        | Found a shimmering altar of Xom.
  1216 | D        | Found a hazy altar of Hepliaklqana.
  1216 | D        | Found an opulent altar of Gozag.
  1216 | D        | Found a sparkling altar of Nemelex Xobeh.
  1216 | D        | Found a corrupted altar of Lugonu.
  1216 | D        | Found a viscous altar of Jiyva.
  1311 | D        | Noticed Josephine
  1318 | D        | Killed Josephine
  1318 | D        | Offered knowledge of Mephitic Cloud by Vehumet.
  1319 | D        | Reached skill level 15 in Earth Magic
  1319 | D        | Reached XP level 9. HP: 45/45 MP: 13/25
  1385 | D        | Reached *** piety under Vehumet
  1436 | D        | Learned a level 3 spell: Mephitic Cloud
  1442 | D        | Noticed a centaur warrior
  1445 | D        | Offered knowledge of Frozen Ramparts by Vehumet.
  1447 | D        | Killed a centaur warrior
  1544 | D        | Killed an unseen horror
  1544 | D        | Reached **** piety under Vehumet
  1545 | D        | Reached skill level 1 in Conjurations
  1627 | D        | Noticed a wandering mushroom
  1631 | D        | Noticed a wandering mushroom
  1633 | D        | Killed a wandering mushroom
  1633 | D        | Offered knowledge of Yara's Violent Unravelling by Vehumet.
  1634 | D        | Reached skill level 1 in Poison Magic
  1634 | D        | Reached XP level 10. HP: 50/50 MP: 23/27
  1644 | D        | Reached skill level 1 in Shields
  1752 | D        | Reached ***** piety under Vehumet
  1757 | D        | Reached ****** piety under Vehumet
  1884 | D        | Offered knowledge of Iron Shot by Vehumet.
  2013 | D        | Found Abineme's Armour Emporium.
  2071 | D        | Bought the +4 cloak "Quywiemo" {rF+} for 539 gold pieces
  2118 | D        | Noticed a deep elf zephyrmancer
  2118 | D        | Noticed a deep elf zephyrmancer
  2118 | D        | Noticed a deep elf pyromancer
  2118 | D        | Noticed a deep elf knight
  2118 | D        | Noticed a deep elf pyromancer
  2124 | D        | Killed a deep elf pyromancer
  2124 | D        | Killed a deep elf knight
  2125 | D        | Reached skill level 15 in Spellcasting
  2125 | D        | Reached XP level 11. HP: 55/55 MP: 23/30
  2126 | D        | Killed a deep elf pyromancer
  2126 | D        | Killed a deep elf zephyrmancer
  2127 | D        | Reached skill level 1 in Air Magic
  2129 | D        | Killed a deep elf zephyrmancer
  2216 | D        | Learned a level 6 spell: Iron Shot
  2220 | D        | Noticed a deep elf high priest
  2220 | D        | Noticed a deep elf pyromancer
  2221 | D        | Noticed a deep elf demonologist
  2224 | D        | Noticed a deep elf demonologist
  2225 | D        | Noticed a deep elf death mage
  2226 | D        | Killed a deep elf demonologist
  2226 | D        | Offered knowledge of Sticky Flame by Vehumet.
  2227 | D        | Killed a deep elf death mage
  2228 | D        | Noticed a deep elf blademaster
  2228 | D        | Killed a deep elf high priest
  2228 | D        | Killed a deep elf pyromancer
  2230 | D        | Killed a deep elf demonologist
  2344 | D        | Noticed a deep elf zephyrmancer
  2347 | D        | Killed a deep elf blademaster
  2348 | D        | Reached XP level 12. HP: 60/60 MP: 9/33
  2364 | D        | Identified the Compendium of Doomed Transmutation
  2367 | D        | Identified the amulet of Understanding {RegenMP Str+2}
  2369 | D        | Identified the Reference Book on Feathers
  2371 | D        | Identified Sif Muna's Handbook of the Glacier and Feathers
  2371 | D        | Identified the Compendium of Supportive Stones
  2373 | D        | Identified the Disquisition on Confrontation and Sinister
                  | Secrets
  2442 | D        | Learned a level 4 spell: Sticky Flame
  2517 | D        | Noticed Dowan
  2517 | D        | Noticed Duvessa
  2522 | D        | Killed Dowan
  2522 | D        | Offered knowledge of Fireball by Vehumet.
  2529 | D        | Killed Duvessa
  2666 | D        | Learned a level 5 spell: Fireball
  2848 | D        | Offered knowledge of Conjure Ball Lightning by Vehumet.
  3025 | D        | Noticed Rupert
  3030 | D        | Killed Rupert
  3031 | D        | Reached skill level 5 in Conjurations
  3031 | D        | Reached skill level 1 in Fire Magic
  3130 | D        | Noticed an azure jelly
  3130 | D        | Noticed an azure jelly
  3130 | D        | Noticed an azure jelly
  3130 | D        | Noticed an azure jelly
  3131 | D        | Noticed a dire elephant
  3131 | D        | Noticed a dire elephant
  3131 | D        | Noticed Gastronok
  3145 | D        | Killed a dire elephant
  3169 | D        | Killed Gastronok
  3170 | D        | Reached skill level 1 in Fighting
  3170 | D        | Killed a dire elephant
  3171 | D        | Reached XP level 13. HP: 63/64 MP: 25/36
  3310 | D        | Killed an azure jelly
  3314 | D        | Killed an azure jelly
  3314 | D        | Offered knowledge of Bolt of Magma by Vehumet.
  3320 | D        | Killed an azure jelly
  3323 | D        | Killed an azure jelly
  3557 | D        | Offered knowledge of Starburst by Vehumet.
  3981 | D        | Offered knowledge of Lehudib's Crystal Spear by Vehumet.
  3984 | D        | Noticed Urug
  3987 | D        | Killed Urug
  4212 | D        | Found Muergh's Antique Weapon Shoppe.
  4212 | D        | Found Nuleimmeuge's Magic Scroll Boutique.
  4212 | D        | Found Bieses's Book Emporium.
  4368 | D        | Bought 3 scrolls of identify for 60 gold pieces
  4496 | D        | Got a decaying rune of Zot
  4610 | D        | Gained mutation: Your large and strong wings let you fly.
                  | [Gargoyle growth]
  4610 | D        | Reached XP level 14. HP: 72/72 MP: 24/39
  4646 | D        | Found a blossoming altar of Fedhas.
  4696 | D        | Offered knowledge of Shatter by Vehumet.
  4696 | D        | Offered knowledge of Chain Lightning by Vehumet.
  4696 | D        | Offered knowledge of Tornado by Vehumet.
  4701 | D        | Found the +14 obsidian axe {vorpal, Drain Fly SInv}
  5168 | D        | Learned a level 9 spell: Shatter
  5362 | D        | Found Bymotzioch's Distillery.
  5362 | D        | Found Bezxetur's Weapon Shop.
  5362 | D        | Found Jipyul's Antique Weapon Boutique.
  5362 | D        | Found Ziajuqo's Jewellery Shoppe.
  5362 | D        | Found Alabon's Magic Scroll Boutique.
  5362 | D        | Found Hirei's Antique Armour Emporium.
  5362 | D        | Found Mithrur's Book Shoppe.
  5362 | D        | Found Misismew's Antique Armour Shop.
  5362 | D        | Found Ydiwk's Magic Scroll Emporium.
  5362 | D        | Found Ystroqas's General Store.
  5362 | D        | Found Kegan's Armour Boutique.
  5397 | D        | Bought a scroll of blinking for 105 gold pieces
  5399 | D        | Bought a shiny helmet for 210 gold pieces
  5435 | D        | Reached skill level 5 in Fire Magic
  5435 | D        | Reached XP level 15. HP: 76/76 MP: 41/41
  5444 | D        | Bought the ring of the Duke {rElec rPois rF+++ rN+ Dex-4}
                  | for 648 gold pieces
  5790 | D        | Identified the +1 lajatang "Jiaset" {vorpal, *Slow rC+
                  | Will+ Str+3}
  5926 | D        | Found the +2 shield of Resistance {rF++ rC++ Will++}
  5932 | D        | Noticed Chuck
  5938 | D        | Killed Chuck
  6036 | D        | Noticed Sojobo
  6040 | D        | Killed Sojobo
  6041 | D        | Reached skill level 27 in Earth Magic
  6140 | D        | Noticed a lich
  6146 | D        | Killed a lich
  6220 | D        | Killed a ghost moth
  6221 | D        | Reached skill level 10 in Conjurations
  6240 | D        | Noticed a shadow dragon
  6241 | D        | Noticed a shadow dragon
  6247 | D        | Killed a shadow dragon
  6247 | D        | Killed a shadow dragon
  6248 | D        | Reached skill level 5 in Dodging
  6506 | D        | Noticed a quicksilver dragon
  6506 | D        | Noticed a shadow dragon
  6506 | D        | Noticed a quicksilver dragon
  6506 | D        | Noticed a fire giant
  6507 | D        | Noticed a frost giant
  6509 | D        | Killed a frost giant
  6510 | D        | Reached skill level 1 in Evocations
  6510 | D        | Reached XP level 16. HP: 81/81 MP: 44/46
  6511 | D        | Reached skill level 27 in Spellcasting
  6512 | D        | Killed a quicksilver dragon
  6515 | D        | Killed a quicksilver dragon
  6516 | D        | Killed a shadow dragon
  6648 | D        | Got a silver rune of Zot
  6649 | D        | Identified the +1 leather armour "Tos Qog" {rPois rC+
                  | rCorr}
  6652 | D        | Identified the +6 arbalest of Butchery {freeze, Fragile
                  | rPois rC+++ Str-3}
  6669 | D        | Identified the +0 quarterstaff of the Globe {venom, rF+}
  6823 | D        | Reached skill level 10 in Dodging
  7066 | D        | Noticed a lich
  7069 | D        | Killed a lich
  7112 | D        | Acquired Jataf's Reference Book on Conjuration
  7124 | D        | Learned a level 7 spell: Orb of Destruction
  7146 | D        | Noticed a sphinx
  7149 | D        | Killed a sphinx
  7193 | D        | Noticed a sphinx
  7197 | D        | Paralysed by a sphinx for 4 turns
  7201 | D        | Killed a sphinx
  7202 | D        | Reached skill level 10 in Stealth
  7202 | D        | Reached skill level 5 in Evocations
  7756 | D        | Reached skill level 15 in Conjurations
  7997 | D        | Noticed a royal mummy
  7997 | D        | Noticed a royal mummy
  7998 | D        | Reached XP level 17. HP: 55/86 MP: 48/48
  8498 | D        | Killed a royal mummy
  8500 | D        | Killed a royal mummy
  8501 | D        | Reached skill level 10 in Fire Magic
  8812 | D        | Found the +2 hood of the Assassin {Detection Stab+ Stlth++}
  8818 | D        | Got a golden rune of Zot
  8819 | D        | Identified the amulet of Qachag {RegenMP Regen+}
  8821 | D        | Identified the +4 war axe "Zuevoif" {freeze, rElec rN+
                  | Str+5 Dex-4 Stlth-}
  8822 | D        | Identified the +0 pair of boots "Pefurgh" {Fly Int+7}
  8869 | D        | Learned a level 8 spell: Chain Lightning
  8870 | D        | Acquired 1032 gold pieces
  8874 | D        | Acquired 835 gold pieces
  9098 | D        | Noticed Mennas
  9191 | D        | Found Jeqevo's Distillery.
  9191 | D        | Found Olaw's Armour Shop.
  9191 | D        | Found Dybemog's Armour Shop.
  9191 | D        | Found Geiraup's Armour Shoppe.
  9265 | D        | Bought a potion of heal wounds for 70 gold pieces
  9265 | D        | Bought a potion of heal wounds for 70 gold pieces
  9268 | D        | Noticed Roxanne
  9277 | D        | Killed Roxanne
  9492 | D        | Found Otuarch's Armour Boutique.
  9606 | D        | HP: 4/86 [something/shard of ice (51)]
  9768 | D        | Noticed an Executioner
  9770 | D        | Killed an Executioner
  9771 | D        | Reached skill level 5 in Shields
  9843 | D        | Noticed Nessos
  9845 | D        | Killed Nessos
  9917 | D        | Noticed Boris
  9923 | D        | Killed Boris
  9924 | D        | Reached skill level 15 in Stealth
 10037 | D        | Noticed Azrael
 10037 | D        | Killed Azrael
 10091 | D        | Killed Ilsuiw
 10106 | D        | Noticed Nellie
 10109 | D        | Killed Nellie
 10122 | D        | Got a demonic rune of Zot
 10188 | D        | Found Roef's Book Emporium.
 10189 | D        | Found Mionwois's Antique Weapon Shop.
 10190 | D        | Found Jamemm's Magic Scroll Shoppe.
 10205 | D        | Got a barnacled rune of Zot
 10218 | D        | Bought a scroll of blinking for 82 gold pieces
 10444 | D        | Noticed Mara
 10447 | D        | Noticed an ancient champion
 10448 | D        | Reached skill level 15 in Dodging
 10448 | D        | Killed an ancient champion
 10448 | D        | Killed Mara
 10449 | D        | Reached XP level 18. HP: 91/91 MP: 35/49
 10449 | D        | Noticed Polyphemus
 10450 | D        | Killed Polyphemus
 10463 | D        | Reached skill level 5 in Transmutations
 10592 | D        | Bought a potion of haste for 130 gold pieces
 10592 | D        | Bought a potion of curing for 39 gold pieces
 10592 | D        | Bought 2 potions of curing for 78 gold pieces
 10592 | D        | Bought a potion of heal wounds for 65 gold pieces
 10669 | D        | HP: 2/136 [Mennas/+0 eudemon blade of holy wrath (14)]
 10669 | D        | Slain by Mennas

Illustrated notes

Levels and vault maps discovered:
D:        dungeon_sprint_mu [sprint_mu_entry_cave, sprint_mu_temple_rooms,
          sprint_mu_d1_horrors, sprint_mu_d2_genie, sprint_mu_d3_branching,
          sprint_mu_orc_legion, sprint_mu_elf_gauntlet, sprint_mu_hive_nellie,
          sprint_mu_lair_fedhas, sprint_mu_vaults_butterflies,
          sprint_mu_slime_circle, sprint_mu_swamp_cave, sprint_mu_shoals_archi,
          sprint_mu_blade_basic, sprint_mu_crypt_fortress,
          sprint_mu_tomb_spiral, sprint_mu_vestibule_basic,
          sprint_mu_gehenna_hellfire, sprint_mu_dis_giant,
          sprint_mu_tartarus_statrot, sprint_mu_cocytus_islands, sprint_mu_zot1]

Skill      XL: |  1  2  3  4  5  6  7  8  9 10 11 12 13 14 15 16 17 18 |
---------------+-------------------------------------------------------+-----
Earth Magic    | 6 7 8 10 12 13 15 17 19 21 23 25 27 | 27.0
Dodging        | 2 3 4 5 12 15 | 15.5
Stealth        | 3 4 5 6 11 16 17 | 17.2
Spellcasting   | 3 4 5 7 9 10 12 13 15 17 19 21 22 26 27 | 27.0
Transmutations | 1 2 4 5 |  5.1
Conjurations   | 1 3 6 8 10 15 21 | 21.9
Poison Magic   | 1 2 3 |  3.9
Shields        | 1 8 |  8.8
Air Magic      | 1 2 |  2.5
Fire Magic     | 2 4 5 6 8 13 | 13.5
Fighting       | 1 2 |  2.6
Evocations     | 1 5 9 |  9.8

Action                   |  1- 3 |  4- 6 |  7- 9 | 10-12 | 13-15 | 16-18 || total
-------------------------+-------+-------+-------+-------+-------+-------++-------
Melee: Unarmed           |     1 |       |       |       |       |       ||     1
       Staff             |       |       |       |       |     5 |     8 ||    13
 Cast: Sandblast         |    17 |     4 |       |     5 |     3 |       ||    29
       Stone Arrow       |     1 |     1 |     3 |     7 |       |     1 ||    13
       Lee's Rapid Decon |       |     5 |    18 |    59 |    98 |    94 ||   274
       Mephitic Cloud    |       |       |     1 |     7 |     5 |       ||    13
       Passwall          |       |       |       |     2 |     1 |     3 ||     6
       Iron Shot         |       |       |       |     8 |     4 |     5 ||    17
       Fireball          |       |       |       |     4 |    21 |     3 ||    28
       Sticky Flame      |       |       |       |     2 |     1 |       ||     3
       Petrify           |       |       |       |     1 |     4 |     1 ||     6
       Shatter           |       |       |       |       |     1 |    27 ||    28
       Orb of Destructio |       |       |       |       |       |     6 ||     6
       Chain Lightning   |       |       |       |       |       |     2 ||     2
Evoke: Phial of floods   |       |       |       |     1 |       |       ||     1
       Condenser vane    |       |       |       |       |     1 |     3 ||     4
       Tin of tremorston |       |       |       |       |       |     1 ||     1
  Use: Potion            |     1 |       |       |     5 |     2 |    13 ||    21
       Scroll            |       |       |       |       |    10 |     6 ||    16
Armor: Robe              |       |       |     6 |    18 |    16 |    32 ||    72
Dodge: Dodged            |     6 |       |     2 |    14 |    18 |    28 ||    68
Block: Other             |       |       |     1 |    11 |     3 |    11 ||    26

Table legend: (Time is in decaauts) A = Elapsed time spent in this place. B = Non-inter-level travel time spent in this place. C = Inter-level travel time spent in this place. D = Time resting spent in this place. E = Time spent auto-exploring this place. F = Levels seen in this place. G = Mean time per level. A B C D E F G +--------+--------+--------+--------+--------+-----+--------+ Total | 10682 | 10682 | 0 | 7155 | 30 | 1 | 10682.0 | Dungeon | 10682 | 10682 | 0 | 7155 | 30 | 1 | 10682.0 | +--------+--------+--------+--------+--------+-----+--------+

Top non-repeatable levels by time:
       D: 10682 daAuts
